Map: Praça Neon Violeta LE

Players

BieberHole

  • Race: Zerg Zerg
  • League: Silver
  • Spawn Location: 5:00

IagoAbreu - Winner!

  • Race: Terran Terran
  • League: Silver
  • Spawn Location: 11:00

VOD

Have the link to the VOD?

Description

Time

  • Played on: March 9, 2018, 4:46 p.m.
  • Length: 12:29
Show
View Real Time Build Order
Export as new Build Order

BieberHole Zerg 

Build Orders: Pool Only, Swarm Host 

Get SALT Encoding   

  12  0:10  Overlord  
  12  0:28  Drone  
  12  0:32  Spawning Pool  
  12  0:41  Drone x2  
  14  0:46  Extractor x2  
  12  0:57  Drone x2  
  14  1:19  Queen  
  14  1:21  Zergling x2  
  17  1:26  Drone  
  17  1:27  Drone  
  19  1:48  Drone x2  
  21  2:00  Overlord  
  21  2:29  Lair  
  21  3:32  Overseer  
  21  3:46  Drone  
  22  3:49  Infestation Pit  
  21  4:01  Zergling x2  
  22  4:04  Overlord  
  22  4:37  Drone  
  23  4:40  Spire  
  23  4:43  Swarm Host  
  23  4:44  Swarm Host x4  
  37  4:48  Metabolic Boost  
  32  4:53  Queen  
  32  4:58  Overlord  
  21  5:28  Drone x5  
  26  6:00  Swarm Host  
  26  6:01  Swarm Host  
  30  6:09  Overlord  
  30  6:19  Overlord  
  30  6:27  Queen  
  32  6:33  Zerg Flyer Weapons Level 1  
  31  6:51  Drone x2  
  31  6:56  Corruptor  
  31  7:26  Drone  
  31  7:51  Hive  
  31  8:01  Overlord  
  31  8:12  Drone  
  28  8:15  Drone  
  28  8:17  Drone  
  28  8:23  Overseer  
  28  9:02  Queen  
  28  9:04  Overseer  
  28  9:08  Drone x3  
  33  9:19  Overseer  
  33  9:42  Overseer  
  20  10:14  Drone  
  20  10:15  Drone x2  
  20  10:16  Queen  
  20  10:19  Overseer  
  25  10:40  Overseer  
  25  10:49  Drone x2  
  24  11:04  Overseer  
  18  11:40  Drone  
  18  11:41  Drone x3  
  18  11:43  Extractor  
  21  11:58  Overseer  
  21  12:02  Drone x2  
Show
View Real Time Build Order
Export as new Build Order

IagoAbreu Terran - Winner!

Build Orders:  

Get SALT Encoding   

  12  0:12  Supply Depot  
  13  0:14  SCV  
  13  0:26  SCV  
  14  0:38  Supply Depot  
  14  0:42  SCV  
  15  0:52  Barracks  
  15  0:55  SCV  
  16  1:04  Refinery  
  16  1:07  SCV  
  17  1:17  Engineering Bay  
  17  1:29  SCV  
  18  1:54  Barracks Reactor  
  18  1:55  Barracks  
  18  2:01  SCV  
  19  2:14  SCV  
  20  2:15  Refinery  
  20  2:26  SCV  
  21  2:36  Terran Infantry Weapons Level 1  
  21  2:47  Supply Depot  
  21  2:50  Barracks Reactor  
  21  2:53  Reaper  
  21  2:56  Marine  
  23  3:10  Supply Depot  
  23  3:16  Factory  
  23  3:22  Reaper  
  23  3:24  Marine  
  25  3:38  Reaper x2  
  27  3:42  Marine  
  26  4:04  Reaper x2  
  28  4:22  Starport  
  27  4:32  Marine x2  
  27  4:36  Marine x2  
  31  4:46  Liberator  
  31  4:49  Marine x2  
  33  4:54  Marine x2  
  38  5:07  Marine x2  
  36  5:26  Marine  
  36  5:27  Marine x3  
  33  5:44  Marine x3  
  33  5:45  Marine  
  33  5:48  Sensor Tower, Factory Reactor  
  37  5:54  Terran Infantry Armor Level 1  
  35  6:01  Starport Tech Lab  
  35  6:02  Marine x4  
  32  6:20  Reaper x2  
  32  6:24  Reaper  
  32  6:25  Reaper  
  36  6:37  Orbital Command  
  36  6:41  Banshee  
  37  6:54  Cyclone  
  33  7:24  Reaper x2  
  33  7:25  Reaper x2  
  36  7:36  Hellion x2  
  31  8:14  Marine  
  31  8:15  Marine  
  30  8:32  Marine x2  
  27  8:46  Widow Mine x2  
  29  8:50  Marine x2  
  28  9:02  Starport  
  28  9:08  Marine, Widow Mine x2  
  28  9:09  Command Center  
  29  9:26  Marine x2  
  31  9:44  Marine x2  
  31  10:02  Marine x2  
  33  10:10  Widow Mine x2  
  30  10:19  Marine x2  
  30  10:37  Marine x2  
  32  10:44  Banshee  
  31  10:55  Marine x2  
  33  11:07  Cyclone  
  33  11:10  Cyclone  
  35  11:13  Marine x2  
  37  11:27  Banshee  
  37  11:31  Marine x2  
  38  11:43  Cyclone x2  
  44  11:48  Marine  
  44  11:49  Marine  
Tags
 
Add a new tag
Caveats
  • Supply blocks, unpowered buildings, or Contaminate may cause inaccurate times.
  • Supply counts are checked every 10 seconds.